NCAA
MISSOURI TIGERS @ OKLAHOMA STATE COWBOYS
04/14/2026
 
TOP OF THE 1ST
Missouri Tigers batting - Pitching for Oklahoma State Cowboys : RHP Carl Garrison
Pitching: RHP Carl Garrison
Batting: LHB Ray Hampton 0-0: Called Strike
0-1: Ground out 4-3 (Groundball, 4M)
Batting: RHB Evan Jackson 0-0: Ground out 1-3 (Groundball, 15)
Batting: LHB Nick Hill 0-0: Ball
1-0: Swinging Strike
1-1: Ball
2-1: Called Strike
2-2: Ball
3-2: Foul Ball, location: 2F
3-2: Strikes out swinging
Top of the 1st over - 0 run(s), 0 hit(s), 0 error(s), 0 left on base; Missouri 0 - Oklahoma State 0
BOTTOM OF THE 1ST
Oklahoma State Cowboys batting - Pitching for Missouri Tigers : RHP Alan Crichton
Pitching: RHP Alan Crichton
Batting: LHB Bill Bryan 0-0: Foul Ball, location: 2F
0-1: Foul Ball, location: 2F
0-2: Ground out 6-3 (Groundball, 6)
Batting: LHB Cristián Rodríguez 0-0: Called Strike
0-1: Swinging Strike
0-2: Ball
1-2: Ball
2-2: Strikes out swinging
Batting: RHB John Lynch 0-0: Ball
1-0: Foul Ball, location: 2F
1-1: Fly out, F3 (Popup, 3)
Bottom of the 1st over - 0 run(s), 0 hit(s), 0 error(s), 0 left on base; Missouri 0 - Oklahoma State 0
TOP OF THE 2ND
Missouri Tigers batting - Pitching for Oklahoma State Cowboys : RHP Carl Garrison
Batting: RHB Troy González 0-0: Swinging Strike
0-1: Ball
1-1: Ball
2-1: Foul Ball, location: 2F
2-2: Foul Ball, location: 2F
2-2: Strikes out looking
Batting: RHB Sean White 0-0: Called Strike
0-1: Ball
1-1: Ball
2-1: Ball
3-1: Base on Balls
Batting: LHB William Harris 0-0: Called Strike
0-1: Ball
1-1: SINGLE (Groundball, 4MD)
Sean White to second
Batting: RHB Norman Dye 0-0: Swinging Strike
0-1: Foul Ball, location: 2F
0-2: Ball
1-2: Strikes out swinging
Batting: SHB Luis Estrada 0-0: Ball
1-0: Called Strike
1-1: Foul Ball, location: 2F
1-2: Ball
2-2: Foul Ball, location: 2F
2-2: Foul Ball, location: 2F
2-2: SINGLE (Groundball, 4M)
Sean White to third
William Harris to second
Runner from 3rd tries for Home, SAFE, no throw or cutoff
Batting: RHB Francisco Alou 0-0: Ball
1-0: Called Strike
1-1: Ball
2-1: Swinging Strike
2-2: Strikes out swinging
Top of the 2nd over - 1 run(s), 2 hit(s), 0 error(s), 2 left on base; Missouri 1 - Oklahoma State 0
BOTTOM OF THE 2ND
Oklahoma State Cowboys batting - Pitching for Missouri Tigers : RHP Alan Crichton
Batting: LHB Bryan Davis 0-0: Called Strike
0-1: Ball
1-1: Swinging Strike
1-2: Strikes out swinging
Batting: RHB Augusto Padilla 0-0: Ball
1-0: Ball
2-0: Foul Ball, location: 2F
2-1: Ball
3-1: Base on Balls
Batting: LHB Horace Kramer 0-0: SINGLE (Line Drive, 89S)
Augusto Padilla to second
Batting: RHB Ryan Williams 0-0: Ball
1-0: Ball
2-0: Ball
3-0: Called Strike
3-1: Base on Balls
Augusto Padilla to third
Horace Kramer to second
Batting: RHB Joe Sulley 0-0: DOUBLE (Flyball, 7LM)
Augusto Padilla scores
Horace Kramer scores
Ryan Williams to third
Batting: LHB César Colón 0-0: Ball
1-0: Foul Ball, location: 2F
1-1: Swinging Strike
1-2: Foul Ball, location: 2F
1-2: Ball
2-2: Ball
3-2: Fly out, F8 (Flyball, 8LM)
Throwing error, E8
Ryan Williams scores
Joe Sulley to third
Batting: LHB Bill Bryan 0-0: Ball
1-0: Ball
2-0: Called Strike
2-1: Foul Ball, location: 2F
2-2: Fly out, F7 (Flyball, 7M)
Bottom of the 2nd over - 3 run(s), 2 hit(s), 1 error(s), 1 left on base; Missouri 1 - Oklahoma State 3
TOP OF THE 3RD
Missouri Tigers batting - Pitching for Oklahoma State Cowboys : RHP Carl Garrison
Batting: LHB Ray Hampton 0-0: Called Strike
0-1: Foul Ball, location: 2F
0-2: Strikes out looking
Batting: RHB Evan Jackson 0-0: Ball
1-0: Swinging Strike
1-1: Ball
2-1: Swinging Strike
2-2: Strikes out swinging
Batting: LHB Nick Hill 0-0: Swinging Strike
0-1: Swinging Strike
0-2: Ball
1-2: SINGLE (Line Drive, 6M)
Batting: RHB Troy González 0-0: Fly out, F8 (Flyball, 8LM)
Top of the 3rd over - 0 run(s), 1 hit(s), 0 error(s), 1 left on base; Missouri 1 - Oklahoma State 3
BOTTOM OF THE 3RD
Oklahoma State Cowboys batting - Pitching for Missouri Tigers : RHP Alan Crichton
Batting: LHB Cristián Rodríguez 0-0: Called Strike
0-1: Fly out, F8 (Flyball, 8RS)
Batting: RHB John Lynch 0-0: Fly out, F8 (Flyball, 8RM)
Batting: LHB Bryan Davis 0-0: Ball
1-0: Foul Ball, location: 2F
1-1: Swinging Strike
1-2: Fly out, F7 (Line Drive, 7S)
Bottom of the 3rd over - 0 run(s), 0 hit(s), 0 error(s), 0 left on base; Missouri 1 - Oklahoma State 3
TOP OF THE 4TH
Missouri Tigers batting - Pitching for Oklahoma State Cowboys : RHP Carl Garrison
Batting: RHB Sean White 0-0: Ball
1-0: Ground out 5-3 (Groundball, 56S)
Batting: LHB William Harris 0-0: Called Strike
0-1: Ball
1-1: Foul Ball, location: 2F
1-2: Foul Ball, location: 2F
1-2: Ball
2-2: Strikes out looking
Batting: RHB Norman Dye 0-0: Called Strike
0-1: Hit by Pitch
Batting: SHB Luis Estrada 0-0: Foul Ball, location: 2F
0-1: Swinging Strike
0-2: Foul Ball, location: 2F
0-2: Strikes out looking
Top of the 4th over - 0 run(s), 0 hit(s), 0 error(s), 1 left on base; Missouri 1 - Oklahoma State 3
BOTTOM OF THE 4TH
Oklahoma State Cowboys batting - Pitching for Missouri Tigers : RHP Alan Crichton
Batting: RHB Augusto Padilla 0-0: Swinging Strike
0-1: Foul Ball, location: 2F
0-2: Ball
1-2: Ball
2-2: Ground out 4-3 (Groundball, 4)
Batting: LHB Horace Kramer 0-0: Foul Ball, location: 2F
0-1: Ball
1-1: SINGLE (Groundball, 6MD)
Batting: RHB Ryan Williams 0-0: Called Strike
Horace Kramer steals 2nd base
0-1: Fly out, F9 (Line Drive, 9S)
Batting: RHB Joe Sulley 0-0: Ball
1-0: Ball
2-0: Foul Ball, location: 2F
2-1: Swinging Strike
2-2: Ball
3-2: Foul Ball, location: 2F
3-2: Strikes out swinging
Bottom of the 4th over - 0 run(s), 1 hit(s), 0 error(s), 1 left on base; Missouri 1 - Oklahoma State 3
TOP OF THE 5TH
Missouri Tigers batting - Pitching for Oklahoma State Cowboys : RHP Carl Garrison
Batting: RHB Francisco Alou 0-0: Fly out, F6 (Popup, 78S)
Batting: LHB Ray Hampton 0-0: Ball
1-0: Ball
2-0: Called Strike
2-1: Ball
3-1: Base on Balls
Batting: RHB Evan Jackson 0-0: Swinging Strike
0-1: Ground out 5-3 (Groundball, 15S)
Ray Hampton to second
Batting: LHB Nick Hill 0-0: Called Strike
0-1: Ball
1-1: Called Strike
1-2: Foul Ball, location: 2F
1-2: Ball
2-2: Foul Ball, location: 2F
2-2: Foul Ball, location: 2F
2-2: Ball
3-2: Base on Balls
Pitching: RHP Kevin Godfrey
Batting: RHB Troy González 0-0: Swinging Strike
0-1: Ball
1-1: Foul Ball, location: 2F
1-2: Ball
2-2: Strikes out swinging
Top of the 5th over - 0 run(s), 0 hit(s), 0 error(s), 2 left on base; Missouri 1 - Oklahoma State 3
BOTTOM OF THE 5TH
Oklahoma State Cowboys batting - Pitching for Missouri Tigers : RHP Alan Crichton
Batting: LHB César Colón 0-0: Swinging Strike
0-1: Ball
1-1: Ball
2-1: Foul Ball, location: 2F
2-2: Ball
3-2: Base on Balls
Batting: LHB Bill Bryan 0-0: Ball
1-0: Foul Ball, location: 2F
1-1: Fly out, F7 (Flyball, 78M)
Batting: LHB Cristián Rodríguez 0-0: Called Strike
0-1: Ball
1-1: Called Strike
1-2: Ball
2-2: Fly out, F5 (Popup, 56)
Batting: RHB John Lynch 0-0: Called Strike
César Colón steals 2nd base
0-1: Foul Ball, location: 2F
0-2: Ball
1-2: Strikes out swinging
Bottom of the 5th over - 0 run(s), 0 hit(s), 0 error(s), 1 left on base; Missouri 1 - Oklahoma State 3
TOP OF THE 6TH
Missouri Tigers batting - Pitching for Oklahoma State Cowboys : RHP Kevin Godfrey
Batting: RHB Sean White 0-0: Ball
1-0: Called Strike
1-1: Swinging Strike
1-2: Strikes out swinging
Batting: LHB William Harris 0-0: Fly out, F9 (Flyball, 9M)
Batting: RHB Norman Dye 0-0: Ball
1-0: SINGLE (Line Drive, 7LM)
Batting: SHB Luis Estrada 0-0: Ball
1-0: Ball
2-0: Ball
3-0: Base on Balls
Norman Dye to second
Batting: RHB Francisco Alou 0-0: Ball
1-0: DOUBLE (Groundball, 5L)
Norman Dye scores
Luis Estrada to third
Runner from 3rd tries for Home, SAFE, no throw or cutoff
Batting: LHB Ray Hampton 0-0: Called Strike
0-1: Fly out, F9 (Flyball, 9LM)
Top of the 6th over - 2 run(s), 2 hit(s), 0 error(s), 1 left on base; Missouri 3 - Oklahoma State 3
BOTTOM OF THE 6TH
Oklahoma State Cowboys batting - Pitching for Missouri Tigers : RHP Alan Crichton
Pitching: RHP Alex Swain
Batting: LHB Bryan Davis 0-0: Swinging Strike
0-1: Ball
1-1: Ball
2-1: Foul Ball, location: 2F
2-2: Ball
3-2: Ground out 4-3 (Groundball, 4)
Batting: RHB Augusto Padilla 0-0: Called Strike
0-1: Called Strike
0-2: Foul Ball, location: 2F
0-2: Ball
1-2: Ball
2-2: Foul Ball, location: 2F
2-2: Fly out, F9 (Flyball, 89S)
Batting: LHB Horace Kramer 0-0: Fly out, F9 (Flyball, 89M)
Bottom of the 6th over - 0 run(s), 0 hit(s), 0 error(s), 0 left on base; Missouri 3 - Oklahoma State 3
TOP OF THE 7TH
Missouri Tigers batting - Pitching for Oklahoma State Cowboys : RHP Kevin Godfrey
Batting: RHB Evan Jackson 0-0: Called Strike
0-1: Foul Ball, location: 2F
0-2: Strikes out swinging
Batting: LHB Nick Hill 0-0: Ball
1-0: Foul Ball, location: 2F
1-1: SINGLE (Line Drive, 7S)
Batting: RHB Troy González 0-0: Fly out, F7 (Flyball, 78S)
Batting: RHB Sean White 0-0: Ball
1-0: Foul Ball, location: 2F
1-1: Ball
2-1: Swinging Strike
2-2: Strikes out swinging
Top of the 7th over - 0 run(s), 1 hit(s), 0 error(s), 1 left on base; Missouri 3 - Oklahoma State 3
BOTTOM OF THE 7TH
Oklahoma State Cowboys batting - Pitching for Missouri Tigers : RHP Alex Swain
Batting: RHB Ryan Williams 0-0: Called Strike
0-1: Ball
1-1: Foul Ball, location: 2F
1-2: SOLO HOME RUN (Flyball, 78XD), Distance : 379 ft
Batting: RHB Joe Sulley 0-0: Called Strike
0-1: Ball
1-1: SINGLE (Flyball, 89S)
Batting: LHB César Colón 0-0: Called Strike
Joe Sulley steals 2nd base
0-1: Foul Ball, location: 2F
0-2: Ball
1-2: Foul Ball, location: 2F
1-2: DOUBLE (Line Drive, 34D)
Joe Sulley scores
Batting: LHB Bill Bryan 0-0: Fly out, F8 (Popup, 6MD)
Batting: LHB Cristián Rodríguez 0-0: Called Strike
0-1: Ball
1-1: Foul Ball, location: 2F
1-2: Fly out, F7 (Flyball, 78M)
Batting: RHB John Lynch 0-0: Called Strike
0-1: Foul Ball, location: 2F
0-2: Ball
1-2: Ball
2-2: Foul Ball, location: 2F
2-2: Ball
3-2: Fly out, F9 (Flyball, 89M)
Bottom of the 7th over - 2 run(s), 3 hit(s), 0 error(s), 1 left on base; Missouri 3 - Oklahoma State 5
TOP OF THE 8TH
Missouri Tigers batting - Pitching for Oklahoma State Cowboys : RHP Kevin Godfrey
Pitching: RHP Chad Swanson
Now at 1B: Cisco Oliva
Batting: LHB William Harris 0-0: Ball
1-0: Foul Ball, location: 2F
1-1: Ball
2-1: Ball
3-1: Fly out, F7 (Flyball, 7M)
Batting: RHB Norman Dye 0-0: Ball
1-0: Foul Ball, location: 2F
1-1: Called Strike
1-2: Ball
2-2: Ball
3-2: Base on Balls
Pitching: RHP Lorenzo Huerta
Batting: SHB Luis Estrada 0-0: Foul Ball, location: 2F
0-1: Hit by Pitch
Norman Dye to second
Batting: RHB Francisco Alou 0-0: Foul Ball, location: 2F
0-1: Called Strike
0-2: Ball
1-2: Strikes out swinging
Pitching: LHP Alan Stewart
Batting: LHB Ray Hampton 0-0: Ball
1-0: Ball
2-0: Called Strike
2-1: Ball
3-1: Base on Balls
Norman Dye to third
Luis Estrada to second
Pitching: RHP Joe James
Batting: RHB Evan Jackson 0-0: Called Strike
0-1: Ball
1-1: Ball
2-1: Called Strike
2-2: Ball
3-2: Base on Balls
Norman Dye scores
Luis Estrada to third
Ray Hampton to second
Pitching: LHP Joe Hamilton
Batting: LHB Nick Hill 0-0: Called Strike
0-1: SINGLE (Line Drive, 34)
Luis Estrada scores
Ray Hampton to third
Evan Jackson to second
Runner from 3rd tries for Home, SAFE, no throw or cutoff
Batting: RHB Troy González 0-0: Called Strike
0-1: Called Strike
0-2: Foul Ball, location: 2F
0-2: Ball
1-2: Fly out, F9 (Flyball, 9S)
Top of the 8th over - 3 run(s), 1 hit(s), 0 error(s), 2 left on base; Missouri 6 - Oklahoma State 5
BOTTOM OF THE 8TH
Oklahoma State Cowboys batting - Pitching for Missouri Tigers : RHP Alex Swain
Pitching: RHP Teddy Foster
Batting: LHB Bryan Davis 0-0: Ball
1-0: Ball
2-0: Foul Ball, location: 2F
2-1: Ball
3-1: Called Strike
3-2: Base on Balls
Pitching: RHP Ben Simpson
Batting: RHB Augusto Padilla 0-0: Called Strike
0-1: Called Strike
0-2: Strikes out looking
Pitching: LHP Zach Lowery
Batting: LHB Horace Kramer 0-0: Called Strike
0-1: Ball
1-1: Ball
2-1: Foul Ball, location: 2F
2-2: Strikes out swinging
Pitching: RHP Jack Clay
Batting: RHB Ryan Williams 0-0: Called Strike
0-1: Swinging Strike
0-2: 2-RUN HOME RUN (Flyball, 78XD), Distance : 390 ft
Batting: RHB Joe Sulley 0-0: Fly out, F9 (Flyball, 9M)
Bottom of the 8th over - 2 run(s), 1 hit(s), 0 error(s), 0 left on base; Missouri 6 - Oklahoma State 7
TOP OF THE 9TH
Missouri Tigers batting - Pitching for Oklahoma State Cowboys : LHP Joe Hamilton
Pitching: RHP Stu Morris
Batting: RHB Sean White 0-0: Fly out, F9 (Flyball, 9LMF)
Batting: LHB William Harris 0-0: Called Strike
0-1: Called Strike
0-2: Strikes out swinging
Batting: RHB Norman Dye 0-0: Ball
1-0: Called Strike
1-1: Swinging Strike
1-2: Ball
2-2: SINGLE (Groundball, 6MS)
Batting: SHB Luis Estrada 0-0: Called Strike
0-1: Swinging Strike
0-2: Ball
1-2: Strikes out looking
Top of the 9th over - 0 run(s), 1 hit(s), 0 error(s), 1 left on base; Missouri 6 - Oklahoma State 7
Monday, December 5th, 2016 - OOTP Baseball 17.12 Build 75